Unix NetHack Version 3.7.0-59 Work-in-progress - last build Jun 21 2022 21:34:18 (82e59222e4b6558e33156aede0636042c14940b8,branch:master). Game began 2022-06-23 17:49:02, ended 2022-06-23 17:53:16. pescepalla, lawful female human Samurai ... ---- |^| ..... |.| -@)-. ---- --.| #..... ---..- --- --..| --..- ----|...(... .---..--|..- ---- |<.--..%............-|.-- |..%...-......--.....|.-- ----..%.|.....| ----.....| --..--.|---.. |.....-- --..--|.--- ......-- |...|--...| ...|..| |...--.--.- ------ --......... |.(..).... --..... ------ Pescepalla the Ronin St:16 Dx:13 Co:18 In:11 Wi:7 Ch:8 Lawful Dlvl:3 $:81 HP:0(33) Pw:9(9) AC:4 Exp:3 T:629 Latest messages: What do you want to use or apply? [gjo or ?*] You produce a high whistling sound. What do you want to drop? [$a-gjlo or ?*] You hit it. You kill the gnome! p - a tripe ration. q - 2 white gems. The gnome drinks a puce potion! The gnome seems more experienced. You miss it. The gnome misses! You kill the gnome! r - a runed wand. You see here a gnome corpse. What do you want to write with? [- a-dlqr or ?*] You write in the dust with your fingertip. What do you want to write with? [- a-dlqr or ?*] Do you want to add to the current engraving? [ynq] (y) You add to the writing in the dust with your fingertip. Never mind. What do you want to write with? [- a-dlqr or ?*] Do you want to add to the current engraving? [ynq] (y) You add to the writing in the dust with a runed wand. The bugs on the floor speed up! What do you want to zap? [r or ?*] In what direction? You see here a gnome corpse. You see here a gnome corpse. # What do you want to call? [jlqr or ?*] You see here a gnome lord corpse. s - a copper ring. The gnome hits! You hit it. The dwarf hits! The gnome misses! You miss it. You kill the gnome! The dwarf hits! The crossbow bolt hits it. The crossbow bolt hits it. The dwarf is killed! $ - 63 gold pieces There are several more objects here. You are hit. You hear the wailing of the Banshee... You are hit. You die... Do you want your possessions identified? [ynq] (y) Do you want to see your attributes? [ynq] (y) Major events: Turn 1: pescepalla the lawful female human Samurai entered the dungeon 527: entered the Gnomish Mines 532: attained the rank of Ronin (level 3) 629: killed by a crossbow bolt Inventory: Coins $ - 81 gold pieces Weapons d - 36 +0 ya (in quiver) c - a +0 yumi a - a +0 katana (weapon in hand) b - a +0 wakizashi (alternate weapon; not wielded) Armor e - an uncursed rustproof +0 splint mail (being worn) Comestibles g - an uncursed eucalyptus leaf f - an uncursed tripe ration p - a cursed tripe ration Rings s - a cursed -1 ring of increase damage Wands r - a wand of speed monster (0:5) Tools j - an uncursed tin whistle Gems/Stones l - an uncursed worthless piece of orange glass q - 2 uncursed worthless pieces of white glass Pescepalla the Samurai's attributes: Background: You were a Ronin, a level 3 female human Samurai. You were lawful, on a mission for Amaterasu Omikami who was opposed by Raijin (neutral) and Susanowo (chaotic). You were in the Gnomish Mines, on level 3. You entered the dungeon 629 turns ago. You had 79 experience points, 1 more was needed to attain level 4. Basics: You had 0 out of 33 hit points. You had all 9 energy points (spell power). Your armor class was 4. Your wallet contained 81 zorkmids. Autopickup was on for '$=?"/!%' plus thrown, with exceptions. Final Characteristics: Your strength was 16 (limit:18/100). Your dexterity was 13 (limit:18). Your constitution was 18 (limit:18). Your intelligence was 11 (limit:18). Your wisdom was 7 (limit:18). Your charisma was 8 (limit:18). Final Status: You were not hungry. You were unencumbered. You were wielding a long sword. You had basic skill with long sword. Final Attributes: You were fervently aligned. You were warded. You were fast. You are dead. Miscellaneous: You never encountered a bones level. Total elapsed playing time was 4 minutes and 14 seconds. Vanquished creatures: a gnome leader a dwarf 4 gnomes 2 jackals 2 kobolds 3 goblins 3 newts 16 creatures vanquished. No species were genocided or became extinct. Voluntary challenges: You read items or engraved 2 times. You engraved Elbereth 1 time. You never genocided any monsters. You never polymorphed an object. You never changed form. You used no wishes. Achievements: You entered the Gnomish Mines. You attained the rank of Ronin. The Dungeons of Doom: levels 1 to 3 Level 1: An altar, some fountains. Level 2: Stairs down to The Gnomish Mines. Level 3: A sink. The Gnomish Mines: Level 3: <- You were here. Final resting place for you, killed by a crossbow bolt. Game over: ---------- / \ / REST \ / IN \ / PEACE \ / \ | pescepalla | | 81 Au | | killed by a | | crossbow bolt | | | | | | 2022 | *| * * * | * _________)/\\_//(\/(/\)/\//\/|_)_______ Sayonara pescepalla the Samurai... You died in The Gnomish Mines on dungeon level 3 with 489 points, and 81 pieces of gold, after 629 moves. You were level 3 with a maximum of 33 hit points when you died.